 Dungeon Crawl Stone Soup version 0.29.0-4-gdea44cf6ec (webtiles) character file.

Game seed: 11927683167800150404

4669 qw the Cleaver (level 10, 0/58 HPs)
             Began as a Tengu Warper on Aug 28, 2022.
             Was a Follower of Okawaru.
             Killed by divine providence
             ... invoked by an orc priest
              (11 damage)
             ... on level 9 of the Dungeon.
             The game lasted 00:01:00 (9070 turns).

qw the Cleaver (Tengu Warper)                       Turns: 9070, Time: 00:01:01

Health: 0/58       AC: 19    Str: 17    XL:     10   Next: 44%
Magic:  12/14      EV:  8    Int: 13    God:    Okawaru [*.....]
Gold:   114        SH: 19    Dex: 16    Spells: 13/13 levels left

rFire   + . .      SeeInvis .   Y - +2 broad axe (chaos)
rCold   . . .      Faith    .   j - +0 tower shield
rNeg    . . .      Spirit   .   b - +1 plate armour
rPois   +          Reflect  .   h - +2 hat
rElec   .          Harm     .   (no cloak)
rCorr   .          Rampage  .   n - +1 pair of gloves {Dex+3}
Will    .....                   (boots unavailable)
Stlth   ..........              (no amulet)
HPRegen 0.19/turn               g - ring of poison resistance
MPRegen 0.14/turn               i - ring of protection from fire

@: about to teleport, heroic, flying quickly and evasively, quick
A: beak, talons 3, nimble flight
a: Renounce Religion, Heroism


You were on level 9 of the Dungeon.
You worshipped Okawaru.
Okawaru was aware of your devotion.
You visited 2 branches of the dungeon, and saw 10 of its levels.

You collected 462 gold pieces.
You spent 348 gold pieces at shops.


Innate Abilities, Weirdness & Mutations

You have a beak for a mouth.
You have claws for feet.
Your magical nature lets you fly swiftly and evasively.


   Skills:
 - Level 4.3(9.3) Fighting
 - Level 10.1(15.1) Axes
 - Level 1.0(6.0) Throwing
 + Level 4.9(9.9) Armour
 - Level 3.1(8.1) Dodging
 - Level 10.0(15.0) Shields
 - Level 2.0 Spellcasting
 - Level 2.4 Translocations
 + Level 1.5 Invocations


You had 13 spell levels left.
You didn't know any spells.
Your spell library contained the following spells:

 Spells                   Type           Power      Damage    Failure   Level
 Blink                    Tloc           14%        N/A       100%        2
 Gell's Gravitas          Tloc           7%         N/A       100%        3
 Lesser Beckoning         Tloc           7%         N/A       100%        3
 Teleport Other           Tloc           7%         N/A       100%        3
 Manifold Assault         Tloc           7%         N/A       100%        5

Inventory:

Hand Weapons
 o - a +1 war axe of flaming
 Y - a +2 broad axe of chaos (weapon)
Armour
 b - a +1 plate armour (worn)
 h - a +2 hat (worn)
 j - a +0 tower shield (worn)
 n - a +1 pair of gloves of dexterity (worn)
Jewellery
 g - a ring of poison resistance (left hand)
 i - a ring of protection from fire (right hand)
 m - a ring of fire
 p - a ring of willpower
Scrolls
 e - 3 scrolls of identify
Potions
 d - a potion of resistance
 f - 8 potions of curing
 k - 4 potions of haste
 r - a potion of mutation

Dungeon Overview and Level Annotations

Branches:
Dungeon (9/15)             Temple (1/1) D:6
   Lair: D:8-11         Orc: D:9-12

Altars:
Ashenzari
Cheibriados
Dithmenos
Elyvilon
Fedhas
Gozag
Hepliaklqana
Kikubaaqudgha
Makhleb
Nemelex Xobeh
Okawaru
Qazlal
Ru
Sif Muna
Trog
Uskayaw
Wu Jian
Xom
Zin
The Shining One

Shops:
D:4 [   D:7 [


Message History

A killer bee comes into view.
You block the yak's attack. The yak gores you!
The yak gores you but does no damage. The killer bee stings you.
9067 ||| READING 2 scrolls of teleportation.
As you read the scroll of teleportation, it crumbles to dust.
You feel strangely unstable.
The killer bee buzzes angrily.
You block the killer bee's attack. You block the yak's attack.
The yak gores you but does no damage. The yak closely misses you.
You block the killer bee's attack.
You hit the killer bee. You freeze the killer bee.
You kill the killer bee!
Okawaru accepts your kill.
You slash the yak!
The yak is poisoned.
You hit the yak.
The yak resists with some effort.
You hit the yak but do no damage. You block the yak's attack. x2
You slash the yak! You claw the yak. Your peck misses the yak.
The yak is severely wounded.
You hit the yak. You burn the yak. You closely miss the yak.
You hit the yak but do no damage.
Your surroundings suddenly seem different.
An orc warrior, 2 orc priests, 4 orcs and 4 killer bees come into view.
Found a stone staircase leading down.
The orc warrior shouts!
The orc priest shouts! x2; The orc shouts! x3
The killer bee buzzes angrily. x4
A killer bee comes into view.
An orc wizard comes into view. It is wielding a +0 dagger.
You block the orc warrior's attack.
An orc wizard comes into view. It is wielding a +0 dagger.
The killer bee moves out of view. x2
A killer bee comes into view.
Enter note:
9070 ||| READING scroll of teleportation.
As you read the scroll of teleportation, it crumbles to dust.
You feel strangely unstable.
The orc wizard shouts! x2; The killer bee buzzes angrily.
You block the orc warrior's attack.
The orc priest mumbles some strange prayers to Beogh against you.
Beogh smites you!
You die...

....o.o........
.......o.......
...............
...............
....oo.....>...
...............
#...........
#...@.o...#
#...y.....#
.....o.y....##
........o...#
...y........#
..o.........#
......yy....#
.......y....#


You could see an orc warrior, 6 killer bees, 2 orc priests, 2 orc wizards and 4
orcs.

Vanquished Creatures
  A two-headed ogre (D:7)
  Eustachio (D:5)
  3 steam dragons (D:8)
  2 orc warriors
  4 water moccasins
  An ice beast (D:7)
  3 sky beasts
  2 centaurs
  A tengu (D:7)
  3 ogres
  A phantom (D:6)
  Blork the orc (D:4)
  A kobold brigand (D:5)
  A bullfrog (D:7)
  6 scorpions
  A necrophage (D:8)
  9 wights
  3 killer bees (D:9)
  2 howler monkeys (D:9)
  3 jellies
  4 hounds
  4 orc priests
  3 iguanas
  3 orc wizards
  7 gnolls
  6 adders
  2 shadow imps (D:5)
  2 white imps
  A worm (D:4)
  2 dart slugs (D:1)
  14 orcs
  12 ball pythons
  9 endoplasms
  6 giant cockroaches
  9 goblins
  8 hobgoblins
  8 jackals
  3 quokkas
  3 bats
  7 kobolds
  9 rats
171 creatures vanquished.

Vanquished Creatures (others)
  17 plants (D:1)
17 creatures vanquished.

Grand Total: 188 creatures vanquished

Notes
Turn   | Place    | Note
-------+----------+-------------------------------------------
     0 | D:1      | qw the Tengu Warper began the quest for the Orb.
     0 | D:1      | Reached XP level 1. HP: 12/12 MP: 4/4
     0 | D:1      | 0 ||| qw: Version: 0.1-a-89-g26bdef1
     0 | D:1      | 0 ||| qw: Game counter: 402
     0 | D:1      | 0 ||| qw: Always use a shield: true
     0 | D:1      | 0 ||| qw: God list: Okawaru
     0 | D:1      | 0 ||| qw: Allow faded altars: false
     0 | D:1      | 0 ||| qw: Do Orc after D:15 true
     0 | D:1      | 0 ||| qw: Do second Lair branch before Depths: true
     0 | D:1      | 0 ||| qw: Lair rune preference: random
     0 | D:1      | 0 ||| qw: Plans: Normal
     0 | D:1      | 0 ||| PLANNING D:1-11
    63 | D:1      | 63 ||| SWAPPING to +0 war axe.
    65 | D:1      | 65 ||| DROPPING +0 hand axe.
    89 | D:1      | Reached skill level 3 in Axes
    89 | D:1      | Reached XP level 2. HP: 17/17 MP: 6/6
   575 | D:1      | Found a faded altar of an unknown god.
   617 | D:1      | Reached XP level 3. HP: 21/21 MP: 7/7
   942 | D:1      | 942 ||| Stepping ~*~*~tactically~*~*~ (stealth).
   945 | D:1      | 945 ||| Stepping ~*~*~tactically~*~*~ (hiding).
   954 | D:1      | 954 ||| Stepping ~*~*~tactically~*~*~ (stealth).
   956 | D:1      | 956 ||| Stepping ~*~*~tactically~*~*~ (stealth).
   968 | D:1      | 968 ||| DROPPING +0 club.
  1124 | D:1      | 1124 ||| UPGRADING to +0 tower shield.
  1129 | D:1      | 1129 ||| READING scroll labelled YLUIMN JYPRA.
  1130 | D:1      | 1130 ||| READING scroll labelled ZIAKKOS ATOKEKH.
  1131 | D:1      | 1131 ||| READING scroll labelled TADEUV KYST.
  1132 | D:1      | 1132 ||| DRINKING 2 inky potions.
  1133 | D:1      | 1133 ||| DRINKING 4 coppery potions.
  1134 | D:1      | 1134 ||| DROPPING scroll of blinking.
  1135 | D:1      | 1135 ||| Stepping randomly (stuck).
  1136 | D:1      | 1136 ||| Stepping ~*~*~tactically~*~*~ (cloud).
  1137 | D:1      | 1137 ||| DRINKING potion of curing.
  1137 | D:1      | 1137 ||| (to cure poison)
  1206 | D:2      | Reached skill level 1 in Shields
  1651 | D:2      | 1651 ||| FLEEEEING.
  1652 | D:2      | 1652 ||| FLEEEEING.
  1653 | D:2      | 1653 ||| FLEEEEING.
  1654 | D:2      | 1654 ||| FLEEEEING.
  1655 | D:2      | 1655 ||| FLEEEEING.
  1656 | D:2      | 1656 ||| FLEEEEING.
  1657 | D:2      | 1657 ||| FLEEEEING.
  1658 | D:2      | 1658 ||| FLEEEEING.
  1659 | D:2      | 1659 ||| FLEEEEING.
  1660 | D:2      | 1660 ||| FLEEEEING.
  1661 | D:2      | 1661 ||| FLEEEEING.
  1745 | D:2      | Reached XP level 4. HP: 17/26 MP: 8/8
  2291 | D:2      | 2291 ||| UPGRADING to +0 pair of gloves.
  2296 | D:2      | 2296 ||| UPGRADING to ring of poison resistance.
  2297 | D:2      | 2297 ||| READING scroll labelled TIANADDIEV.
  2298 | D:2      | 2298 ||| READING 3 scrolls labelled QIACVURIAXT.
  2299 | D:2      | 2299 ||| READING 2 scrolls of enchant armour.
  2299 | D:2      | 2299 ||| ENCHANTING +0 pair of gloves.
  2300 | D:2      | 2300 ||| READING scroll of enchant armour.
  2300 | D:2      | 2300 ||| ENCHANTING +1 pair of gloves.
  2301 | D:2      | 2301 ||| READING scroll labelled PUWUER WUNI.
  2301 | D:2      | Identified a scroll of acquirement
  2301 | D:2      | 2301 ||| ACQUIRING +1 broad axe of flaming
  2301 | D:2      | Acquired a +1 broad axe of flaming
  2303 | D:2      | 2303 ||| SWAPPING to +1 broad axe of flaming.
  2304 | D:2      | 2304 ||| DROPPING +0 whip.
  2305 | D:2      | 2305 ||| DROPPING +0 war axe.
  2306 | D:2      | 2306 ||| READING scroll labelled VIFEL QUWEF.
  2309 | D:2      | 2309 ||| DRINKING 2 grey potions.
  2310 | D:2      | 2310 ||| READING 4 scrolls of identify.
  2310 | D:2      | 2310 ||| IDENTIFYING pink potion
  2311 | D:2      | 2311 ||| DROPPING potion of ambrosia.
  2312 | D:2      | 2312 ||| DROPPING potion of attraction.
  2337 | D:3      | 2337 ||| STAIRDANCE
  2628 | D:3      | Found a broken altar of Ashenzari.
  2803 | D:3      | Found an opulent altar of Gozag.
  2817 | D:3      | Noticed a water moccasin
  2818 | D:3      | 2818 ||| UPGRADING to +0 ring mail.
  2832 | D:3      | Killed a water moccasin
  2833 | D:3      | Reached skill level 3 in Shields
  2833 | D:3      | Gained mutation: Your magical nature lets you fly swiftly
                  | and evasively. [Tengu growth]
  2833 | D:3      | Reached XP level 5. HP: 13/30 MP: 9/9
  2838 | D:3      | HP: 7/30 [poisoned by a water moccasin]
  3074 | D:3      | 3074 ||| DROPPING +0 leather armour.
  3075 | D:3      | 3075 ||| UPGRADING to +0 chain mail.
  3085 | D:3      | 3085 ||| DROPPING +0 ring mail.
  3246 | D:3      | Found a white marble altar of Elyvilon.
  3422 | D:3      | Found a glowing silver altar of Zin.
  3422 | D:3      | Found an ornate altar of the Wu Jian Council.
  3422 | D:3      | Found a bloodstained altar of Trog.
  3686 | D:3      | 3686 ||| READING scroll labelled QIPTOU POERA.
  3687 | D:3      | 3687 ||| READING scroll labelled ZAYMORPH LOOS.
  3688 | D:3      | 3688 ||| READING 3 scrolls of identify.
  3688 | D:3      | 3688 ||| IDENTIFYING lumpy silvery potion
  3720 | D:4      | 3720 ||| STAIRDANCE
  3818 | D:4      | Reached XP level 6. HP: 31/35 MP: 10/10
  3888 | D:4      | Found Reher's Antique Armour Emporium.
  3899 | D:4      | 3899 ||| SHOPLISTING runed ring mail (224 gold, have 176).
  3978 | D:4      | Noticed Blork the orc
  3979 | D:4      | 3979 ||| Stepping ~*~*~tactically~*~*~ (stealth).
  3985 | D:4      | 3985 ||| Stepping ~*~*~tactically~*~*~ (hiding).
  3994 | D:4      | Killed Blork the orc
  3995 | D:4      | 3995 ||| Stepping ~*~*~tactically~*~*~ (stealth).
  4196 | D:4      | 4196 ||| Stepping ~*~*~tactically~*~*~ (stealth).
  4200 | D:4      | 4200 ||| Stepping ~*~*~tactically~*~*~ (stealth).
  4201 | D:4      | 4201 ||| Stepping ~*~*~tactically~*~*~ (stealth).
  4203 | D:4      | 4203 ||| Stepping ~*~*~tactically~*~*~ (stealth).
  4205 | D:4      | 4205 ||| Stepping ~*~*~tactically~*~*~ (stealth).
  4350 | D:4      | 4350 ||| UPGRADING to amulet of guardian spirit.
  4355 | D:4      | 4355 ||| READING 4 scrolls of identify.
  4355 | D:4      | 4355 ||| IDENTIFYING dark potion
  4368 | D:5      | Entered Level 5 of the Dungeon
  4398 | D:5      | 4398 ||| Stepping ~*~*~tactically~*~*~ (stealth).
  4399 | D:5      | 4399 ||| Stepping ~*~*~tactically~*~*~ (stealth).
  4465 | D:5      | Noticed Eustachio
  4467 | D:5      | 4467 ||| Stepping ~*~*~tactically~*~*~ (hiding).
  4470 | D:5      | 4470 ||| Stepping ~*~*~tactically~*~*~ (hiding).
  4477 | D:5      | Reached XP level 7. HP: 39/40 MP: 11/11
  4483 | D:5      | Reached skill level 6 in Shields
  4487 | D:5      | Killed Eustachio
  4488 | D:5      | Reached skill level 3 in Armour
  4615 | D:5      | Found a shimmering blue altar of Sif Muna.
  4673 | D:5      | 4673 ||| Stepping ~*~*~tactically~*~*~ (stealth).
  4676 | D:5      | 4676 ||| Stepping ~*~*~tactically~*~*~ (stealth).
  4678 | D:5      | 4678 ||| Stepping ~*~*~tactically~*~*~ (stealth).
  4681 | D:5      | 4681 ||| Stepping ~*~*~tactically~*~*~ (stealth).
  4686 | D:5      | 4686 ||| Stepping ~*~*~tactically~*~*~ (stealth).
  4702 | D:5      | Reached skill level 6 in Axes
  4706 | D:5      | Reached XP level 8. HP: 23/44 MP: 7/12
  5230 | D:5      | Found a shimmering altar of Xom.
  5328 | D:5      | 5328 ||| READING scroll labelled QICSUQOUSA.
  5329 | D:5      | 5329 ||| READING scroll labelled ADGHALI OD NEJ.
  5348 | D:5      | 5348 ||| READING 4 scrolls of identify.
  5348 | D:5      | 5348 ||| IDENTIFYING emerald potion
  5349 | D:5      | 5349 ||| READING 3 scrolls of identify.
  5349 | D:5      | 5349 ||| IDENTIFYING purple potion
  5350 | D:5      | 5350 ||| READING 2 scrolls of identify.
  5350 | D:5      | 5350 ||| IDENTIFYING bubbling black potion
  5351 | D:5      | 5351 ||| DROPPING potion of invisibility.
  5352 | D:5      | 5352 ||| DROPPING potion of degeneration.
  5353 | D:5      | 5353 ||| DROPPING potion of magic.
  5374 | D:6      | Found a staircase to the Ecumenical Temple.
  5375 | D:6      | 5375 ||| PLANNING TEMPLE
  5389 | Temple   | Entered the Ecumenical Temple
  5458 | Temple   | 5458 ||| PLANNING D:1-11
  5723 | D:6      | Reached skill level 3 in Fighting
  5724 | D:6      | 5724 ||| Stepping ~*~*~tactically~*~*~ (hiding).
  5726 | D:6      | 5726 ||| Stepping ~*~*~tactically~*~*~ (hiding).
  5733 | D:6      | 5733 ||| DRINKING 7 potions of curing.
  5733 | D:6      | 5733 ||| (to cure confusion)
  5735 | D:6      | HP: 11/46 [orc warrior/+0 trident (14)]
  5736 | D:6      | 5736 ||| DRINKING potion of heal wounds.
  6017 | D:6      | Found a hide-covered altar of Uskayaw.
  6067 | D:6      | Reached XP level 9. HP: 50/50 MP: 13/13
  6674 | D:6      | 6674 ||| UPGRADING to +0 plate armour.
  6684 | D:6      | 6684 ||| DROPPING +0 chain mail.
  6685 | D:6      | 6685 ||| READING scroll of enchant armour.
  6685 | D:6      | 6685 ||| ENCHANTING +0 plate armour.
  6686 | D:6      | 6686 ||| DROPPING ring of fire.
  6687 | D:6      | 6687 ||| UPGRADING to ring of protection from fire.
  6688 | D:6      | 6688 ||| READING 2 scrolls of identify.
  6688 | D:6      | 6688 ||| IDENTIFYING fuming golden potion
  6689 | D:6      | 6689 ||| DROPPING potion of flight.
  6741 | D:7      | 6741 ||| Stepping ~*~*~tactically~*~*~ (hiding).
  6762 | D:7      | HP: 9/50 [something (4)]
  7021 | D:7      | Noticed a two-headed ogre
  7031 | D:7      | Killed a two-headed ogre
  7032 | D:7      | Reached skill level 9 in Shields
  7198 | D:7      | Found a sacrificial altar of Ru.
  7409 | D:7      | Found Mefare's Antique Armour Shop.
  7431 | D:7      | Reached skill level 9 in Axes
  7462 | D:7      | 7462 ||| BUYING embroidered hat (168 gold).
  7462 | D:7      | Bought an embroidered hat for 168 gold pieces
  7462 | D:7      | 7462 ||| BUYING pair of embroidered gloves (180 gold).
  7462 | D:7      | Bought a pair of embroidered gloves for 180 gold pieces
  7462 | D:7      | 7462 ||| SHOPLISTING runed chain mail (180 gold, have 20).
  7589 | D:7      | Reached XP level 10. HP: 56/56 MP: 14/14
  7938 | D:7      | 7938 ||| UPGRADING to +2 hat.
  7943 | D:7      | 7943 ||| UPGRADING to +1 pair of gloves of dexterity.
  7953 | D:7      | 7953 ||| DROPPING +2 pair of gloves.
  7954 | D:7      | 7954 ||| READING 5 scrolls of identify.
  7954 | D:7      | 7954 ||| IDENTIFYING blue potion
  7955 | D:7      | 7955 ||| READING 4 scrolls of identify.
  7955 | D:7      | 7955 ||| IDENTIFYING green potion
  7956 | D:7      | 7956 ||| DROPPING potion of brilliance.
  8010 | D:8      | 8010 ||| Stepping ~*~*~tactically~*~*~ (hiding).
  8052 | D:8      | 8052 ||| DROPPING +0 flail.
  8083 | D:8      | Found an iron altar of Okawaru.
  8091 | D:8      | Became a worshipper of Warmaster Okawaru
  8092 | D:8      | 8092 ||| REMOVING amulet of guardian spirit.
  8122 | D:8      | 8122 ||| Stepping ~*~*~tactically~*~*~ (hiding).
  8124 | D:8      | Found an ancient bone altar of Kikubaaqudgha.
  8355 | D:8      | 8355 ||| FLEEEEING.
  8356 | D:8      | 8356 ||| FLEEEEING.
  8357 | D:8      | 8357 ||| FLEEEEING.
  8358 | D:8      | 8358 ||| FLEEEEING.
  8359 | D:8      | 8359 ||| FLEEEEING.
  8360 | D:8      | 8360 ||| FLEEEEING.
  8361 | D:8      | 8361 ||| FLEEEEING.
  8362 | D:8      | 8362 ||| FLEEEEING.
  8363 | D:8      | 8363 ||| FLEEEEING.
  8364 | D:8      | 8364 ||| FLEEEEING.
  8365 | D:8      | 8365 ||| FLEEEEING.
  8366 | D:8      | 8366 ||| FLEEEEING.
  8367 | D:8      | 8367 ||| FLEEEEING.
  8368 | D:8      | 8368 ||| FLEEEEING.
  8369 | D:8      | 8369 ||| FLEEEEING.
  8370 | D:8      | 8370 ||| FLEEEEING.
  8371 | D:8      | 8371 ||| FLEEEEING.
  8372 | D:8      | 8372 ||| FLEEEEING.
  8373 | D:8      | 8373 ||| FLEEEEING.
  8374 | D:8      | 8374 ||| FLEEEEING.
  8375 | D:8      | 8375 ||| FLEEEEING.
  8376 | D:8      | 8376 ||| FLEEEEING.
  8377 | D:8      | 8377 ||| FLEEEEING.
  8378 | D:8      | 8378 ||| FLEEEEING.
  8379 | D:8      | 8379 ||| FLEEEEING.
  8380 | D:8      | 8380 ||| FLEEEEING.
  8381 | D:8      | 8381 ||| FLEEEEING.
  8385 | D:8      | 8385 ||| FLEEEEING.
  8386 | D:8      | 8386 ||| FLEEEEING.
  8387 | D:8      | 8387 ||| FLEEEEING.
  8388 | D:8      | 8388 ||| FLEEEEING.
  8389 | D:8      | 8389 ||| FLEEEEING.
  8390 | D:8      | 8390 ||| FLEEEEING.
  8391 | D:8      | 8391 ||| FLEEEEING.
  8403 | D:8      | 8403 ||| FLEEEEING.
  8404 | D:8      | 8404 ||| FLEEEEING.
  8409 | D:8      | 8409 ||| FLEEEEING.
  8415 | D:8      | 8415 ||| FLEEEEING.
  8416 | D:8      | 8416 ||| FLEEEEING.
  8636 | D:8      | Reached * piety under Okawaru
  8637 | D:8      | Reached skill level 3 in Dodging
  8850 | D:8      | 8850 ||| DROPPING amulet of guardian spirit.
  8851 | D:8      | 8851 ||| DROPPING amulet of faith.
  8852 | D:8      | 8852 ||| READING scroll labelled HUCADO DYACKEN.
  8853 | D:8      | 8853 ||| READING 4 scrolls of identify.
  8853 | D:8      | 8853 ||| IDENTIFYING fuming grey potion
  8854 | D:8      | 8854 ||| DROPPING potion of lignification.
  8896 | D:9      | 8896 ||| Stepping ~*~*~tactically~*~*~ (stealth).
  8901 | D:9      | 8901 ||| Stepping ~*~*~tactically~*~*~ (hiding).
  8903 | D:9      | 8903 ||| Stepping ~*~*~tactically~*~*~ (hiding).
  8904 | D:9      | 8904 ||| Stepping ~*~*~tactically~*~*~ (hiding).
  8905 | D:9      | 8905 ||| Stepping ~*~*~tactically~*~*~ (hiding).
  8907 | D:9      | 8907 ||| Stepping ~*~*~tactically~*~*~ (hiding).
  8908 | D:9      | 8908 ||| Stepping ~*~*~tactically~*~*~ (hiding).
  9037 | D:9      | 9037 ||| Stepping ~*~*~tactically~*~*~ (stealth).
  9043 | D:9      | 9043 ||| Stepping ~*~*~tactically~*~*~ (hiding).
  9052 | D:9      | 9052 ||| INVOKING Heroism.
  9060 | D:9      | Reached skill level 1 in Invocations
  9062 | D:9      | 9062 ||| INVOKING Heroism.
  9066 | D:9      | HP: 12/58 [yak (11)]
  9067 | D:9      | 9067 ||| READING 2 scrolls of teleportation.
  9070 | D:9      | 9070 ||| READING scroll of teleportation.
  9070 | D:9      | Killed from afar by an orc priest

Levels and vault maps discovered:
D:1:      lightli_arrival_chessboard, layout_loops_corners,
          shapermc_ecumenical_altar_pompeii, kennysheep_boxes
D:2:      layout_basic
D:3:      layout_basic, gammafunk_temple_overflow_claw, elyvilon_altar_4,
          amcnicky_altar_gilded, cheibrodos_ashenzari_chains
D:4:      layout_rooms, serial_shops, shop_fountains, uniq_blork_the_orc
D:5:      layout_cave_pools, general_overflow_altar, xom_teletrap_fun,
          serial_column_ruins, column_ruins_hut_pillars,
          column_ruins_courtyard_long_water, column_ruins_open_medium,
          column_ruins_open_small_water, column_ruins_columns_straight,
          column_ruins_grid_3, column_ruins_open_small,
          column_ruins_columns_straight, uniq_eustachio, uniq_crazy_yiuf_cottage
D:6:      layout_loops_corners, nicolae_uskayaw_murder_on_the_dancefloor,
          minmay_temple_entry_arrows
D:7:      layout_basic, mainiacjoe_overflow_concentric_impassable, serial_shops,
          nicolae_shop_waterfront
D:8:      layout_rooms, mainiacjoe_overflow_tiny_flanked,
          mainiacjoe_overflow_brackets
D:9:      layout_irregular_city, amethyst_overflow_temple_binary, erik_orc_4,
          eino_small_chamber_without_monster
Temple:   nicolae_temple_colour_theory

Skill      XL: |  1  2  3  4  5  6  7  8  9 10 |
---------------+-------------------------------+-----
Axes           | 3 4 5 6 7 9 10 | 10.1
Shields        | 1 3 4 5 6 8 9 10 | 10.0
Armour         | 3 4 |  4.9
Fighting       | 3 4 |  4.3
Dodging        | 3 |  3.1
Invocations    | 1 |  1.5
Throwing       | |  1.0
Spellcasting   | |  2.0
Translocations | |  2.4

Action                   |  1- 3 |  4- 6 |  7- 9 | 10-12 || total
-------------------------+-------+-------+-------+-------++-------
Melee: Hand axe          |     4 |       |       |       ||     4
       War axe           |    58 |     9 |       |       ||    67
       Kick              |     9 |    22 |    42 |    24 ||    97
       Peck              |     8 |    13 |    27 |    23 ||    71
       Punch             |     1 |       |       |       ||     1
       Broad axe         |       |   105 |   177 |    97 ||   379
Throw: Boomerang         |     7 |       |       |       ||     7
Invok: Heroism           |       |       |       |     2 ||     2
  Use: Scroll            |     3 |    11 |     7 |     6 ||    27
       Potion            |     3 |     1 |     2 |       ||     6
 Stab: Distracted        |       |     1 |       |       ||     1
       Sleeping          |       |     1 |       |       ||     1
Armor: Leather armour    |    14 |    13 |       |       ||    27
       Ring mail         |       |     1 |       |       ||     1
       Chain mail        |       |    41 |    59 |       ||   100
       Plate armour      |       |       |    52 |    48 ||   100
Dodge: Dodged            |    14 |    18 |    31 |    19 ||    82
Block: Tower shield      |    11 |    93 |   171 |   117 ||   392

Table legend:
 A = Non-vault XP
 B = Vault XP
 C = Vault XP percentage of total XP
 D = Non-vault monster count
 E = Vault monster count
 F = Vault count percentage of total count
                 A         B        C        D         E       F
            +---------+---------+-------+---------+---------+-------
      Total |    6110 |     560 |   8.4 |     158 |      13 |   7.6
            +---------+---------+-------+---------+---------+-------
        D:1 |      52 |       0 |   0.0 |      27 |       0 |   0.0
        D:2 |      46 |       0 |   0.0 |      14 |       0 |   0.0
        D:3 |     178 |       0 |   0.0 |      19 |       0 |   0.0
        D:4 |      80 |     100 |  55.6 |      19 |       1 |   5.0
        D:5 |     916 |     188 |  17.0 |      26 |       1 |   3.7
        D:6 |    1147 |       0 |   0.0 |      20 |       0 |   0.0
        D:7 |    2129 |       0 |   0.0 |      13 |       0 |   0.0
        D:8 |    1271 |       0 |   0.0 |      15 |       0 |   0.0
        D:9 |     291 |     272 |  48.3 |       5 |      11 |  68.8
            +---------+---------+-------+---------+---------+-------
